 Dungeon Crawl Stone Soup version 0.16.2-2-g470672f (webtiles) character file.

3395 dearth the Basher (level 9, -1/80 HPs)
             Began as a Minotaur Fighter on Aug 29, 2015.
             Slain by a yak (8 damage)
             ... on level 7 of the Dungeon.
             The game lasted 00:15:26 (6419 turns).

dearth the Basher (Minotaur Fighter)                Turns: 6419, Time: 00:15:26

Health: -1/80      AC: 13    Str: 30    XL:     9   Next: 75%
Magic:  4/4        EV: 10    Int:  5    God:
Gold:   292        SH: 12    Dex:  9    Spells: 0 memorised, 8 levels left

rFire  x . .     SeeInvis .     q - +1 mace (crush)
rCold  + + .     Clarity  .     k - +0 ice dragon armour
rNeg   + . .     SustAb   .     c - +0 shield
rPois  .         Gourm    .     (helmet restricted)
rElec  .         Spirit   .     a - +0 cloak (curse)
rCorr  .         Warding  +     (no gloves)
rMut   .         Stasis   .     (no boots)
MR     .....                    m - amulet of warding
Stlth  ..........               (no ring)
                                (no ring)

@: mighty, not resistant to hostile enchantments, extremely unstealthy
A: retaliatory headbutt, horns 2
a: no special abilities


You were on level 7 of the Dungeon.
You were very hungry.

You visited 1 branch of the dungeon, and saw 7 of its levels.
You also visited: Sewer.

You collected 292 gold pieces.

Inventory:

Hand weapons
 q - a +1 mace of crushing (weapon)
Armour
 a - a cursed +0 cloak (worn)
 b - a +0 scale mail
 c - a +0 shield (worn)
 k - a +0 ice dragon armour (worn)
Jewellery
 m - an amulet of warding (around neck)
 D - an uncursed ring of invisibility {unknown}
 H - a +5 ring of intelligence {unknown}
Magical devices
 f - a wand of frost (20)
 t - a wand of magic darts (36)
 E - a wand of cold (6)
Scrolls
 g - 4 scrolls of fear {unknown}
 i - 3 scrolls of identify {unknown}
 l - 3 scrolls of remove curse {unknown}
 o - a scroll of fog {unknown}
 p - 2 scrolls of recharging {unknown}
 r - 3 scrolls of enchant weapon {unknown}
 v - 2 scrolls of teleportation {unknown}
 y - a scroll of torment {unknown}
 B - a scroll of blinking {unknown}
 G - a scroll of magic mapping {unknown}
 J - a scroll of summoning {unknown}
 L - a scroll of enchant armour {unknown}
Potions
 e - 2 potions of might
 h - 2 potions of agility {unknown}
 j - a potion of resistance {unknown}
 n - a potion of ambrosia {unknown}
 s - 3 potions of poison {unknown}
 u - a potion of cure mutation {unknown}
 w - 3 potions of mutation {unknown}
 x - 4 potions of degeneration {unknown}
 z - 2 potions of restore abilities {unknown}
 A - a potion of curing {unknown}
 C - 2 potions of heal wounds {unknown}
 F - a potion of lignification {unknown}
 I - a potion of haste {unknown}
Comestibles
 d - 3 bread rations
 K - 4 fruits


   Skills:
 + Level 7.7 Fighting
 * Level 9.3 Maces & Flails
 + Level 8.7 Armour
 - Level 4.9 Dodging
 - Level 0.3 Stealth
 + Level 8.3 Shields


You had 8 spell levels left.
You didn't know any spells.

Dungeon Overview and Level Annotations

Branches:
Dungeon (7/15)
 Temple: D:4-7

Altars:
Ashenzari
Dithmenos
Fedhas
Nemelex Xobeh
Trog
Vehumet
Yredelemnul
The Shining One


Innate Abilities, Weirdness & Mutations

You reflexively headbutt those who attack you in melee.
You have a pair of horns on your head.


Message History

The black bear is moderately wounded.
You block the black bear's attack. The black bear closely misses you.
The black bear closely misses you.
You sock the black bear!
The black bear is almost dead.
You block the black bear's attack. x2
The black bear claws you but does no damage.
You sock the black bear!
You kill the black bear!
You bludgeon the sheep!!
You kill the sheep!
You block the yak's attack.
Things that are here:
a sheep corpse; a hippogriff corpse; a hog corpse You closely miss the yak.
The yak gores you!
* * * LOW HITPOINT WARNING * * *
You sock the yak! You headbutt the yak!
The yak is almost dead.
The yak gores you!
You die...

#....?...#
#......#
#...H!...#
##.....#
#.......h#
#.#...#
####'hh'####
#.#.#.#.#
##$.........##
#.......#
#.......h..hh#
#.#.#.###
#........h.hh#
#.#...#
#.##########Y#
# ###.# #@#
#.. #)# #..
#.###########
#..
#...........#
#..
######......#
#..
#####..####..
#.....)..
#........
#....###.


You could see 3 polar bears, a yak and 2 black bears.

Vanquished Creatures
  2 polar bears (D:7)
  A hog (D:7)
  2 hippogriffs (D:7)
  Edmund (D:4)
  2 phantoms
  2 black bears (D:7)
  5 ogres
  A sky beast (D:6)
  A wasp (D:7)
  2 giant frogs (D:6)
  5 big kobolds (Sewer)
  2 scorpions (D:5)
  A goliath beetle (D:6)
  An orc priest (D:4)
  Crazy Yiuf (D:4)
  5 hounds
  A giant frog skeleton (D:5)
  An orc wizard (D:4)
  8 worker ants
  An iguana (D:5)
  2 sheep (D:7)
  The ghost of Charly the Ruffian, a weakling VSTm (D:3)
  A hound zombie (D:6)
  Robin (D:4)
  8 gnolls
  2 river rats (D:4)
  A shadow imp (D:6)
  8 adders
  2 giant mites (D:4)
  5 worms
  An adder zombie (D:5)
  An adder skeleton (D:4)
  3 giant geckos
  4 oozes (Sewer)
  6 orcs
  4 ball pythons
  7 giant cockroaches
  22 goblins
  10 hobgoblins
  4 bats
  9 giant newts
  A hobgoblin zombie (D:6)
  2 jackals (D:1)
  12 kobolds
  5 quokkas
  24 rats
191 creatures vanquished.

Notes
Turn   | Place    | Note
--------------------------------------------------------------
     0 | D:1      | dearth, the Minotaur Fighter, began the quest for the Orb.
     0 | D:1      | Reached XP level 1. HP: 19/19 MP: 1/1
   501 | D:1      | Reached XP level 2. HP: 24/27 MP: 1/1
   630 | D:1      | Reached skill level 4 in Shields
   872 | D:2      | Reached XP level 3. HP: 33/33 MP: 2/2
  1217 | D:2      | Reached XP level 4. HP: 34/41 MP: 2/2
  1540 | D:2      | Reached skill level 1 in Dodging
  1608 | D:2      | You fall through a shaft!
  1624 | D:3      | Found a glowing golden altar of the Shining One.
  2067 | D:3      | Noticed Charly's ghost (weakling VSTm)
  2069 | D:3      | Found a basalt altar of Yredelemnul.
  2073 | D:3      | Killed Charly's ghost
  2309 | D:4      | Reached XP level 5. HP: 42/47 MP: 2/2
  2407 | D:4      | Noticed Edmund
  2419 | D:4      | Killed Edmund
  2419 | D:4      | Reached skill level 5 in Armour
  2419 | D:4      | Reached skill level 5 in Shields
  2419 | D:4      | Reached XP level 6. HP: 37/55 MP: 3/3
  2461 | D:4      | Found a radiant altar of Vehumet.
  2556 | D:4      | Reached skill level 5 in Fighting
  2625 | D:4      | Noticed an ogre
  2633 | D:4      | Killed an ogre
  2680 | D:4      | Noticed Robin
  2695 | D:4      | Killed Robin
  2757 | D:4      | Reached XP level 7. HP: 59/61 MP: 3/3
  2811 | D:4      | Noticed Crazy Yiuf
  2820 | D:4      | Killed Crazy Yiuf
  2958 | D:4      | Found a glowing drain.
  2968 | Sewer    | Entered a sewer
  3179 | Sewer    | Reached skill level 6 in Armour
  3412 | Sewer    | Reached skill level 5 in Maces & Flails
  3811 | D:5      | Entered Level 5 of the Dungeon
  3819 | D:5      | Reached XP level 8. HP: 64/70 MP: 3/3
  4100 | D:5      | Found a bloodstained altar of Trog.
  4310 | D:5      | Found a shattered altar of Ashenzari.
  4324 | D:5      | Found a bloodstained altar of Trog.
  4326 | D:5      | Found a shadowy altar of Dithmenos.
  4329 | D:5      | Found a sparkling altar of Nemelex Xobeh.
  4659 | D:5      | Reached skill level 7 in Armour
  5841 | D:6      | Reached XP level 9. HP: 75/78 MP: 4/4
  5858 | D:6      | Found a shadowy altar of Dithmenos.
  6150 | D:7      | Reached skill level 8 in Armour
  6173 | D:7      | Found a blossoming altar of Fedhas.
  6342 | D:7      | Found a huge runed gate.
  6343 | D:7      | Found a huge runed gate.
  6343 | D:7      | Found a huge runed gate.
  6343 | D:7      | Found a huge runed gate.
  6404 | D:7      | Reached skill level 9 in Maces & Flails
  6419 | D:7      | Slain by a yak

Action                   |  1- 3 |  4- 6 |  7- 9 || total
-------------------------+-------+-------+-------++-------
Melee: Flail             |    26 |       |       ||    26
       Mace              |    38 |   119 |   478 ||   635
  Use: Potion            |       |       |     1 ||     1
  Eat: Beef jerky        |     1 |       |     2 ||     3
       Chunk             |       |     1 |     1 ||     2
       Meat ration       |       |     1 |       ||     1
       Bread ration      |       |       |     1 ||     1
       Pizza             |       |       |     1 ||     1
